Description

Oracle Build

Replay - Overgrowth LE (Void) (26)

Build Order

Get SALT Encoding   

  12  0:01  Probe (Chrono Boost)  
  13  0:12  Probe (Chrono Boost)  
  14  0:21  Pylon  
  14  0:23  Probe (Chrono Boost)  
  15  0:39  Probe (Chrono Boost), Gateway  
  16  0:48  Assimilator  
  17  0:50  Probe (Chrono Boost)  
  17  0:55  Assimilator  
  17  1:00  Probe (Chrono Boost)  
  18  1:07  Gateway  
  18  1:13  Probe (Chrono Boost)  
  19  1:24  Probe (Chrono Boost)  
  20  1:32  Pylon  
  20  1:34  Probe (Chrono Boost)  
  20  1:39  Cybernetics Core  
  21  1:53  Probe (Chrono Boost)  
  22  2:11  Probe (Chrono Boost)  
  22  2:12  Warp Gate  
  23  2:17  Adept x2  
  23  2:22  Mothership Core (Chrono Boost)  
  29  2:26  Pylon  
  29  2:32  Stargate  
  29  2:44  Adept x2  
  33  3:07  Nexus  
  33  3:11  Oracle  
  36  3:27  Pylon  
  36  3:39  Probe (Chrono Boost)  
  37  3:42  Oracle  
  40  3:51  Probe (Chrono Boost)  
  41  3:56  Pylon  
  42  4:03  Probe (Chrono Boost)  
  42  4:10  Stalker  
  42  4:15  Probe (Chrono Boost)  
  45  4:17  Stalker  
  47  4:27  Probe (Chrono Boost)  
  53  4:39  Probe (Chrono Boost)  
  53  4:47  Robotics Facility  
Spawning Tool Build Advisor. Get it on Overwolf

Go to:

Details

  • Created by: sackzii
  • Published on: Dec 22, 2016
  • Modified on: Dec 22, 2016
  • Patch: 3.8.0
Show
View Real Time Build Order
Export as new Build Order

Comments (0)

There are no comments. Be the first!

Create an account to comment!